AoeStats
← Hendrix

Arabia

510072446Analyzed
1v1 RM · 2d ago on Sep 29, 2026· 27m 1s· 2 players
Game mode
Random Map
Map size
Tiny (2 player)
Population
200
Speed
Normal
Resources
Standard
Victory
Conquest
Starting age
Dark Age
Ending age
Imperial Age
RankedLock teamsTeams togetherTeam positionsShared explorationLock speedFull tech treeHidden civsTurbo modeCheats
Victory
Defeat
🇳🇴 Persians · Norway
499
+18
🇹🇼 Inca · Taiwan
551
-18
Hendrix
12:12 Feudal Age
12:34 Double-Bit Axe
12:33 Horse Collar
13:59 Man-at-Arms
14:37 Loom
15:22 Arson
17:05 Wheelbarrow
24:28 Castle Age
23:26 Scale Mail Armor
27:09 Hand Cart
raining0909
9:32 Feudal Age
14:26 Loom
17:03 Castle Age
15:19 Double-Bit Axe
15:58 Champi Runner
16:56 Forging
19:37 Squires
19:57 Horse Collar
20:41 Town Watch
21:10 Fletching
Connection lost

Rejoining the realm…

Still unreachable

The connection could not be restored.

Session expired

The server has moved on; the page needs a fresh start.